 Dungeon Crawl Stone Soup version 0.21.1-1-g345015f (webtiles) character file.

826 Fang the Chopper (level 7, 0/66 HPs)
             Began as a Gargoyle Berserker on May 18, 2018.
             Was a Priest of Trog.
             Slain by a slave (1 damage)
             ... led by Pikel
             ... on level 6 of the Dungeon.
             The game lasted 00:05:14 (5848 turns).

Fang the Chopper (Gargoyle Berserker)               Turns: 5848, Time: 00:05:14

Health: 0/66       AC:  7    Str: 28    XL:     7   Next: 96%
Magic:  16/16      EV: 13    Int:  7    God:    Trog [***...]
Gold:   292        SH:  0    Dex:  9    Spells: 6/6 levels left

rFire    x . .     SeeInvis .   a - +0 hand axe
rCold    + . .     Gourm    .   (no shield)
rNeg     + . .     Faith    +   b - +0 animal skin
rPois    ∞         Spirit   .   (no helmet)
rElec    +         Reflect  .   p - scarf {cloud immunity}
rCorr    .         Harm     .   (no gloves)
MR       .....                  (no boots)
Stlth    ..........             t - amulet of faith
HPRegen  0.21/turn              m - ring of ice
MPRegen  0.15/turn              n - ring of magical power

@: berserking, starving, very quick
A: negative energy resistance 1, electricity resistance, unbreathing,
petrification resistance, rot immunity, AC +4
a: Berserk, Trog's Hand, Burn Spellbooks, Renounce Religion


You were on level 6 of the Dungeon.
You worshipped Trog.
Trog was most pleased with you.
You were starving.

You visited 1 branch of the dungeon, and saw 6 of its levels.

You collected 292 gold pieces.

Inventory:

Hand Weapons
 a - a +0 hand axe (weapon)
Armour
 b - a +0 animal skin (worn)
 p - a scarf of cloud immunity (worn)
Jewellery
 m - a ring of ice (left hand)
 n - a ring of magical power (right hand)
 t - an amulet of faith (around neck)
Wands
 v - a wand of flame (29)
Scrolls
 d - 3 scrolls of teleportation {unknown}
 e - 2 scrolls of amnesia {unknown}
 f - 3 scrolls of enchant armour {unknown}
 g - 9 scrolls of identify {unknown}
 h - a scroll of random uselessness {unknown}
 i - a scroll of enchant weapon {unknown}
 j - 7 scrolls of remove curse {unknown}
 k - a scroll of immolation {unknown}
 o - 2 scrolls of noise {unknown}
 q - a scroll of fog {unknown}
Potions
 l - 2 potions of heal wounds
 r - a potion of curing
 s - 3 potions of flight {unknown}
 u - 2 potions of might {unknown}
Comestibles
 c - 6 rations


   Skills:
 + Level 5.5 Fighting
 + Level 6.0 Axes
 + Level 2.3 Armour
 + Level 4.0 Dodging
 + Level 1.2 Stealth


You had 6 spell levels left.
You didn't know any spells.

Dungeon Overview and Level Annotations

Branches:
Dungeon (6/15)
 Temple: D:4-7

Altars:
Ashenzari

Annotations:
D:6 Pikel


Innate Abilities, Weirdness & Mutations

You are resistant to torment.
Your stone body is resilient. (AC +4)
You are immune to poison.
You resist negative energy. (rN+)
You are resistant to electric shocks. (rElec)
You can survive without breathing.
You are immune to petrification.
You are immune to rotting.


Message History

Pikel is severely wounded.
You hit the slave but do no damage. You miss the slave.
The slave barely misses you. Pikel closely misses you. The slave hits you.
* * * LOW HITPOINT WARNING * * *
Unknown command.
You closely miss Pikel.
Pikel is severely wounded.
You hit the slave but do no damage. You closely miss the slave.
Pikel completely misses you. The slave barely misses you.
The slave hits you but does no damage.
Unknown command.
You hit Pikel.
Pikel is severely wounded.
You hit the slave. You slash the slave! The slave barely misses you.
Pikel misses you.
Unknown command.
You barely miss Pikel.
Pikel is severely wounded.
You hit the slave. You barely miss the slave. The slave hits you.
You die...

#######.#.#
#...# ##..#
#..# ##.##
#..#
####..# #
#....p#.#
#.###@pp#
.. ##K.#
... p># ..
.## . .# .#
.# .#


You could see Pikel and 4 slaves.

Vanquished Creatures
  A sky beast (D:5)
  An ogre (D:5)
  2 bullfrogs (D:6)
  A scorpion (D:6)
  A howler monkey (D:4)
  A crimson imp (D:6)
  3 hounds
  5 worker ants
  A hound zombie (D:5)
  6 adders
  A shadow imp (D:5)
  An ooze (D:2)
  7 worms
  2 leopard geckos
  12 orcs
  7 giant cockroaches
  8 goblins
  7 hobgoblins
  12 jackals
  3 quokkas
  8 bats
  A frilled lizard (D:2)
  5 kobolds
  A leopard gecko skeleton (D:6)
  6 rats
103 creatures vanquished.

Notes
Turn   | Place    | Note
-------+----------+-------------------------------------------
     0 | D:1      | Fang the Gargoyle Berserker began the quest for the Orb.
     0 | D:1      | Reached XP level 1. HP: 14/14 MP: 1/1
   382 | D:1      | Reached XP level 2. HP: 16/19 MP: 2/2
   457 | D:1      | Reached skill level 3 in Axes
   978 | D:2      | Reached XP level 3. HP: 13/24 MP: 3/3
  1263 | D:2      | Found a shattered altar of Ashenzari.
  1658 | D:2      | Reached XP level 4. HP: 29/29 MP: 4/4
  1686 | D:2      | Reached ** piety under Trog
  2264 | D:3      | Reached skill level 4 in Axes
  2429 | D:3      | Reached XP level 5. HP: 25/33 MP: 5/5
  2942 | D:4      | Reached *** piety under Trog
  3347 | D:4      | Reached XP level 6. HP: 25/39 MP: 6/6
  3759 | D:4      | Reached skill level 5 in Axes
  4497 | D:5      | Entered Level 5 of the Dungeon
  4605 | D:5      | Reached XP level 7. HP: 5/44 MP: 7/7
  5332 | D:6      | Reached skill level 5 in Fighting
  5332 | D:6      | Reached skill level 1 in Stealth
  5608 | D:6      | Reached skill level 6 in Axes
  5829 | D:6      | Noticed Pikel
  5845 | D:6      | HP: 1/66 [slave[Pikel] (4)]
  5848 | D:6      | Slain by a slave

Skill      XL: |  1  2  3  4  5  6  7 |
---------------+----------------------+-----
Axes           | 3 4 5 6 |  6.0
Dodging        | 2 3 4 |  4.0
Fighting       | 4 5 |  5.5
Stealth        | 1 |  1.2
Armour         | |  2.3

Action                   |  1- 3 |  4- 6 |  7- 9 || total
-------------------------+-------+-------+-------++-------
Melee: Hand axe          |   117 |   251 |   106 ||   474
Invok: Berserk           |     1 |     2 |     2 ||     5
  Use: Potion            |       |       |     2 ||     2
  Eat: Chunk             |     3 |     8 |     4 ||    15
       Ration            |       |     1 |       ||     1
Armor: Animal skin       |    65 |    65 |    42 ||   172
Dodge: Dodged            |   110 |   216 |    71 ||   397
